 Dungeon Crawl Stone Soup version 0.28-a0-728-g0181a31188 (webtiles) character file.

Game seed: 290666016676680059

43 efjkekj the Vexing (level 3, -3/16 HPs)
             Began as a Spriggan Enchanter on Oct 28, 2021.
             Was a Believer of Lugonu.
             Shot with a stone by a goblin (7 damage)
             ... on level 2 of the Dungeon.
             The game lasted 00:03:47 (2589 turns).

efjkekj the Vexing (Spriggan Enchanter)             Turns: 2589, Time: 00:03:48

Health: -3/16      AC:  2    Str:  5    XL:     3   Next: 37%
Magic:  9/9        EV: 17    Int: 16    God:    Lugonu [**....]
Gold:   69         SH:  0    Dex: 15    Spells: 1/9 levels left

rFire   . . .      SeeInvis +   a - +1 dagger
rCold   . . .      Faith    .   (shield restricted)
rNeg    . . .      Spirit   .   b - +0 robe
rPois   .          Reflect  .   (helmet restricted)
rElec   .          Harm     .   (no cloak)
rCorr   .          Rampage  .   (gloves unavailable)
Will    .....                   (boots unavailable)
Stlth   +++.......              (no amulet)
HPRegen 0.05/turn               (no ring)
MPRegen 0.11/turn               (no ring)

@: very quick
A: very small, no large weapons, unfitting armour, see invisible, speed 3
a: Renounce Religion, Depart the Abyss, Bend Space


You were on level 2 of the Dungeon.
You worshipped Lugonu.
Lugonu was pleased with you.
You visited 1 branch of the dungeon, and saw 2 of its levels.

You collected 69 gold pieces.

Inventory:

Hand Weapons
 a - a +1 dagger (weapon)
Missiles
 h - 8 poisoned darts (quivered)
Armour
 b - a +0 robe (worn)
Potions
 c - a potion of invisibility
 d - a potion of haste {unknown}
 e - a potion of lignification {unknown}
 f - 2 potions of curing {unknown}
 g - a potion of heal wounds {unknown}


   Skills:
 - Level 1.1 Short Blades
 - Level 2.6 Dodging
 - Level 4.4 Stealth
 + Level 3.9 Spellcasting
 + Level 4.6 Hexes


You had one spell level left.
You knew the following spells:

 Your Spells              Type           Power      Damage    Failure   Level
a - Ensorcelled Hibernat  Hex/Ice        20%        N/A       10%         2
b - Tukima's Dance        Hex            17%        N/A       8%          3
c - Dazzling Flash        Conj/Hex       20%        N/A       21%         3

Your spell library contained the following spells:

 Spells                   Type           Power      Damage    Failure   Level
 Confusing Touch          Hex            17%        N/A       8%          3


Dungeon Overview and Level Annotations

Branches:
Dungeon (2/15)

Altars:
Lugonu


Innate Abilities, Weirdness & Mutations

You are very small and have problems with some larger weapons.
You are too small for most types of armour.
You have supernaturally acute eyesight. (SInv)
You cover ground extremely quickly. (Speed+++)


Message History

The hobgoblin completely misses you.
You hit the hobgoblin.
You kill the hobgoblin!
Lugonu accepts your kill.
No target in view!
HP restored.
Found 13 poisoned darts.
Jessica the Apprentice Sorceress comes into view.
She is wielding a +0 club.
You see here 13 poisoned darts.
h - 13 poisoned darts Jessica shouts!
You hear a shout! x2
A goblin comes into view. It is wielding a +0 dagger.
Jessica gestures wildly.
You throw a poisoned dart. The poisoned dart hits Jessica.
Jessica is poisoned.
The goblin unwields a +0 dagger.
The goblin wields a +6 hunting sling.
The goblin shoots a stone.
The stone hits you.
You throw a poisoned dart.
The poisoned dart barely misses Jessica.
You throw a poisoned dart. The poisoned dart hits Jessica.
Jessica looks even sicker.
Jessica looks very angry.
The goblin shoots a stone.
The stone closely misses you.
You throw a poisoned dart. The poisoned dart hits Jessica.
Jessica looks even sicker.
The goblin shoots a stone.
The stone hits you.
You throw a poisoned dart. The poisoned dart hits Jessica.
Jessica looks as sick as possible!
The goblin shoots a stone.
The stone completely misses you.
Jessica points at you and mumbles some strange words.
Pain shoots through your body!
* * * LOW HITPOINT WARNING * * *
Unknown command.
You are too injured to fight recklessly!
Jessica closely misses you.
Unknown command.
You barely miss Jessica.
Jessica is heavily wounded.
You kill Jessica!
Lugonu accepts your kill.
The goblin shoots a stone.
The stone hits you!
You die...

###########.#
......... #.#
##.......###.#
...#.#.#.....#
#..g.....#####
#..#.#.#.#
#........#
#..#.#.#.#
#(((()@.#
#########


You could see a goblin.

Vanquished Creatures
  Jessica (D:2)
  An adder (D:2)
  A dart slug (D:1)
  4 endoplasms (D:1)
  2 giant cockroaches (D:1)
  3 hobgoblins
  3 jackals (D:1)
  2 kobolds (D:1)
  3 ball pythons
  2 bats (D:1)
  2 frilled lizards (D:1)
  3 goblins (D:1)
  4 rats (D:1)
31 creatures vanquished.

Vanquished Creatures (others)
  A dancing weapon (D:2)
  4 toadstools (D:1)
5 creatures vanquished.

Grand Total: 36 creatures vanquished

Notes
Turn   | Place    | Note
-------+----------+-------------------------------------------
     0 | D:1      | efjkekj the Spriggan Enchanter began the quest for the Orb.
     0 | D:1      | Reached XP level 1. HP: 9/9 MP: 5/5
   670 | D:1      | Reached XP level 2. HP: 11/13 MP: 7/7
  1116 | D:1      | Learned a level 2 spell: Ensorcelled Hibernation
  1533 | D:1      | Found a faded altar of an unknown god.
  1596 | D:1      | Reached XP level 3. HP: 15/16 MP: 3/9
  1600 | D:1      | Learned a level 3 spell: Tukima's Dance
  1604 | D:1      | Learned a level 3 spell: Dazzling Flash
  1870 | D:1      | Prayed at the altar of an unknown god.
  1870 | D:1      | Became a worshipper of Lugonu the Unformed
  1870 | D:1      | Reached * piety under Lugonu
  1870 | D:1      | Reached ** piety under Lugonu
  2576 | D:2      | Noticed Jessica
  2589 | D:2      | Killed Jessica
  2589 | D:2      | Shot with a stone by a goblin

Illustrated notes

Levels and vault maps discovered:
D:1:      ldierk_water_garden, layout_basic, ebering_ecumenical_altar_mist
D:2:      layout_basic, serial_glass, glass_columns_c, glass_columns_b,
          glass_columns_a, glass_columns_a, glass_columns_c, glass_columns_b,
          uniq_jessica, uniq_crazy_yiuf_cottage, uniq_robin

Skill      XL: |  1 |
---------------+----+-----
Spellcasting   | 3 |  3.9
Hexes          | 4 |  4.6
Short Blades   | |  1.1
Dodging        | |  2.6
Stealth        | |  4.4

Action                   || total
-------------------------++-------
Melee: Dagger            ||   111
Throw: Dart              ||     5
 Cast: Ensorcelled Hiber ||     5
       Tukima's Dance    ||     3
  Use: Scroll            ||     4
 Stab: Sleeping          ||     9
       Distracted        ||     1
Armor: Robe              ||    11
Dodge: Dodged            ||    78

Table legend: (Time is in decaauts)
 A = Elapsed time spent in this place.
 B = Non-inter-level travel time spent in this place.
 C = Inter-level travel time spent in this place.
 D = Time resting spent in this place.
 E = Time spent auto-exploring this place.
 F = Levels seen in this place.
 G = Mean time per level.
                   A        B        C        D        E       F      G
               +--------+--------+--------+--------+--------+-----+--------+
         Total |   2088 |   2001 |     87 |    516 |   1194 |   2 | 1044.0 |
       Dungeon |   2088 |   2001 |     87 |    516 |   1194 |   2 | 1044.0 |
               +--------+--------+--------+--------+--------+-----+--------+

Top non-repeatable levels by time:
     D:1: 1372 daAuts
     D:2: 716 daAuts
